TOP OF THE 1ST |
Nashville Sounds batting - Pitching for Durham Bulls : RHP Bill Alicea
|
Pitching: RHP Bill Alicea
|
|
Batting: RHB Jeff Garofalo
|
0-0: Called Strike 0-1: Ball 1-1: Ball 2-1: Ball 3-1: Base on Balls
|
Batting: LHB Paul Perry
|
0-0: Foul Ball, location: 2F 0-1: Ball 1-1: Called Strike Jeff Garofalo steals 2nd base 1-2: Strikes out swinging
|
Batting: LHB Isto Mäyrä
|
0-0: Swinging Strike 0-1: Ball Jeff Garofalo steals 3rd base 1-1: Ball 2-1: Ball 3-1: SINGLE (Groundball, 34D, EV 85.6 MPH) (infield hit) Jeff Garofalo scores
|
Batting: RHB Alan Oxenrider
|
0-0: Ball 1-0: Ball 2-0: Called Strike 2-1: Ball 3-1: Called Strike 3-2: Strikes out looking
|
Batting: LHB Mike Garland
|
0-0: Ball 1-0: Ball 2-0: Called Strike 2-1: Called Strike Isto Mäyrä steals 2nd base 2-2: Fly out, F9 (Flyball, 9LS, EV 81.2 MPH)
|
Top of the 1st over - 1 run, 1 hit, 0 errors, 1 left on base; Nashville 1 - Durham 0 |
BOTTOM OF THE 1ST |
Durham Bulls batting - Pitching for Nashville Sounds : RHP Gary Caldwell
|
Pitching: RHP Gary Caldwell
|
|
Batting: RHB Danny Diaz
|
0-0: Ball 1-0: Foul Ball, location: 2F 1-1: Fly out, F6 (Line Drive, 6, EV 65.0 MPH)
|
Batting: RHB Jesse Basich
|
0-0: Called Strike 0-1: Fly out, F7 (Flyball, 7, EV 85.6 MPH)
|
Batting: SHB Ben Pierce
|
0-0: Called Strike 0-1: Called Strike 0-2: Strikes out looking
|
Bottom of the 1st over - 0 runs, 0 hits, 0 errors, 0 left on base; Nashville 1 - Durham 0 |
TOP OF THE 2ND |
Nashville Sounds batting - Pitching for Durham Bulls : RHP Bill Alicea
|
Batting: RHB Chris Stillions
|
0-0: Called Strike 0-1: Ball 1-1: Called Strike 1-2: Foul Ball, location: 2F 1-2: Ball 2-2: Ground out 6-3 (Groundball, 6, EV 82.5 MPH)
|
Batting: RHB Mike Cervino
|
0-0: Called Strike 0-1: Ground out 5-3 (Groundball, 5L, EV 95.0 MPH)
|
Batting: RHB Colin Boddy
|
0-0: Called Strike 0-1: Ground out U3 (Groundball, 34, EV 101.9 MPH)
|
Top of the 2nd over - 0 runs, 0 hits, 0 errors, 0 left on base; Nashville 1 - Durham 0 |
BOTTOM OF THE 2ND |
Durham Bulls batting - Pitching for Nashville Sounds : RHP Gary Caldwell
|
Batting: SHB Willie Koviak
|
0-0: Called Strike 0-1: Ball 1-1: SINGLE (Groundball, 56D, EV 94.4 MPH)
|
Batting: LHB David Seminario
|
0-0: Swinging Strike 0-1: Ball 1-1: Foul Ball, location: 2F 1-2: Strikes out swinging
|
Batting: LHB Danny Hull
|
0-0: Ball 1-0: Ball 2-0: Fly out, F8 (Line Drive, 8RM, EV 91.9 MPH)
|
Batting: LHB Angel Ruvalcaba
|
0-0: DOUBLE (Line Drive, 8LXD, EV 106.9 MPH) Willie Koviak to third
|
Batting: RHB Sczlopy Hed
|
0-0: Foul Ball, location: 2F 0-1: Fly out, F9 (Line Drive, 9, EV 86.2 MPH)
|
Bottom of the 2nd over - 0 runs, 2 hits, 0 errors, 2 left on base; Nashville 1 - Durham 0 |
TOP OF THE 3RD |
Nashville Sounds batting - Pitching for Durham Bulls : RHP Bill Alicea
|
Batting: RHB Daniel Barger
|
0-0: Ball 1-0: Ball 2-0: Foul Ball, location: 2F 2-1: Foul Ball, location: 2F 2-2: Strikes out swinging
|
Batting: RHB Jeff Garofalo
|
0-0: Swinging Strike 0-1: Ball 1-1: Ball 2-1: Foul Ball, location: 2F 2-2: Ground out 4-3 (Groundball, 4S, EV 94.4 MPH)
|
Batting: LHB Paul Perry
|
0-0: Ball 1-0: Ball 2-0: Foul Ball, location: 2F 2-1: Foul Ball, location: 2F 2-2: Foul Ball, location: 2F 2-2: Ball 3-2: Strikes out swinging
|
Top of the 3rd over - 0 runs, 0 hits, 0 errors, 0 left on base; Nashville 1 - Durham 0 |
BOTTOM OF THE 3RD |
Durham Bulls batting - Pitching for Nashville Sounds : RHP Gary Caldwell
|
Batting: RHB Jesse Haddad
|
0-0: Ball 1-0: Ball 2-0: Called Strike 2-1: Fly out, F8 (Line Drive, 8LM, EV 88.1 MPH)
|
Batting: RHB Danny Diaz
|
0-0: Called Strike 0-1: Fly out, F6 (Line Drive, 6, EV 70.0 MPH)
|
Batting: RHB Jesse Basich
|
0-0: Called Strike 0-1: Ball 1-1: Called Strike 1-2: Strikes out swinging
|
Bottom of the 3rd over - 0 runs, 0 hits, 0 errors, 0 left on base; Nashville 1 - Durham 0 |
TOP OF THE 4TH |
Nashville Sounds batting - Pitching for Durham Bulls : RHP Bill Alicea
|
Batting: LHB Isto Mäyrä
|
0-0: Ground out U3 (Groundball, 3, EV 96.9 MPH)
|
Batting: RHB Alan Oxenrider
|
0-0: Ball 1-0: Ball 2-0: Foul Ball, location: 2F 2-1: Foul Ball, location: 2F 2-2: Foul Ball, location: 2F 2-2: Ground out 5-3 (Groundball, 56S, EV 89.4 MPH)
|
Batting: LHB Mike Garland
|
0-0: Ball 1-0: Fly out, F8 (Flyball, 8LM, EV 83.8 MPH)
|
Top of the 4th over - 0 runs, 0 hits, 0 errors, 0 left on base; Nashville 1 - Durham 0 |
BOTTOM OF THE 4TH |
Durham Bulls batting - Pitching for Nashville Sounds : RHP Gary Caldwell
|
Batting: SHB Ben Pierce
|
0-0: Called Strike 0-1: Swinging Strike 0-2: Strikes out swinging
|
Batting: SHB Willie Koviak
|
0-0: Called Strike 0-1: Ball 1-1: Ball 2-1: Ground out 4-3 (Groundball, 4, EV 86.9 MPH)
|
Batting: LHB David Seminario
|
0-0: Swinging Strike 0-1: Foul Ball, location: 2F 0-2: Foul Ball, location: 2F 0-2: Foul Ball, location: 2F 0-2: Ball 1-2: Fly out, F6 (Flyball, 6D, EV 75.0 MPH)
|
Bottom of the 4th over - 0 runs, 0 hits, 0 errors, 0 left on base; Nashville 1 - Durham 0 |
TOP OF THE 5TH |
Nashville Sounds batting - Pitching for Durham Bulls : RHP Bill Alicea
|
Batting: RHB Chris Stillions
|
0-0: Called Strike 0-1: Fly out, F7 (Line Drive, 7, EV 90.6 MPH)
|
Batting: RHB Mike Cervino
|
0-0: Ball 1-0: Ball 2-0: Foul Ball, location: 2F 2-1: Ball 3-1: Base on Balls
|
Batting: RHB Colin Boddy
|
0-0: Ball Mike Cervino steals 2nd base (no throw) 1-0: Called Strike 1-1: Ball 2-1: Ball 3-1: Called Strike 3-2: Base on Balls
|
Pitching: RHP David Breaux
|
|
Batting: RHB Daniel Barger
|
0-0: Ball 1-0: Fly out, F8 (Line Drive, 8LD, EV 101.2 MPH)
|
Batting: RHB Jeff Garofalo
|
0-0: Called Strike 0-1: Ball 1-1: 3-RUN HOME RUN (Flyball, 7D, EV 96.2 MPH), Distance : 370 ft
|
Batting: LHB Paul Perry
|
0-0: Foul Ball, location: 2F 0-1: Ball 1-1: Ball 2-1: Swinging Strike 2-2: Ball 3-2: Strikes out looking
|
Top of the 5th over - 3 runs, 1 hit, 0 errors, 0 left on base; Nashville 4 - Durham 0 |
BOTTOM OF THE 5TH |
Durham Bulls batting - Pitching for Nashville Sounds : RHP Gary Caldwell
|
Batting: LHB Danny Hull
|
0-0: Called Strike 0-1: Ground out 6-3 (Groundball, 6M, EV 85.6 MPH)
|
Batting: LHB Angel Ruvalcaba
|
0-0: Foul Ball, location: 2F 0-1: Swinging Strike 0-2: Strikes out swinging
|
Batting: RHB Sczlopy Hed
|
0-0: Ground out 2-3 (Groundball, 13S, EV 68.8 MPH)
|
Bottom of the 5th over - 0 runs, 0 hits, 0 errors, 0 left on base; Nashville 4 - Durham 0 |
TOP OF THE 6TH |
Nashville Sounds batting - Pitching for Durham Bulls : RHP David Breaux
|
Batting: LHB Isto Mäyrä
|
0-0: Ball 1-0: Called Strike 1-1: Ball 2-1: Ball 3-1: Called Strike 3-2: Fly out, F8 (Flyball, 8LS, EV 71.2 MPH)
|
Batting: RHB Alan Oxenrider
|
0-0: Ball 1-0: Ball 2-0: Ball 3-0: Called Strike 3-1: Base on Balls
|
Batting: LHB Mike Garland
|
0-0: Ball 1-0: Called Strike 1-1: Swinging Strike 1-2: Strikes out swinging
|
Batting: RHB Chris Stillions
|
0-0: Foul Ball, location: 2F 0-1: 2-RUN HOME RUN (Flyball, 78XD, EV 104.4 MPH), Distance : 430 ft
|
Batting: RHB Mike Cervino
|
0-0: Called Strike 0-1: Foul Ball, location: 2F 0-2: Ball 1-2: Ball 2-2: Strikes out looking
|
Top of the 6th over - 2 runs, 1 hit, 0 errors, 0 left on base; Nashville 6 - Durham 0 |
BOTTOM OF THE 6TH |
Durham Bulls batting - Pitching for Nashville Sounds : RHP Gary Caldwell
|
Batting: RHB Jesse Haddad
|
0-0: Ball 1-0: Ball 2-0: Foul Ball, location: 2F 2-1: Foul Ball, location: 2F 2-2: Foul Ball, location: 2F 2-2: Ball 3-2: Ground out 1-3 (Groundball, 23, EV 65.0 MPH)
|
Batting: RHB Danny Diaz
|
0-0: Ball 1-0: Fly out, F9 (Flyball, 89M, EV 89.4 MPH)
|
Batting: RHB Jesse Basich
|
0-0: Ball 1-0: Ball 2-0: Ball 3-0: Called Strike 3-1: SINGLE (Groundball, 6MD, EV 103.1 MPH)
|
Batting: SHB Ben Pierce
|
0-0: Called Strike 0-1: Foul Ball, location: 2F 0-2: Ball 1-2: Foul Ball, location: 2F 1-2: Foul Ball, location: 2F 1-2: 2-RUN HOME RUN (Flyball, 7D, EV 98.1 MPH), Distance : 357 ft
|
Batting: SHB Willie Koviak
|
0-0: Ball 1-0: Swinging Strike 1-1: Foul Ball, location: 2F 1-2: Ball 2-2: Foul Ball, location: 2F 2-2: Ball 3-2: Strikes out swinging
|
Bottom of the 6th over - 2 runs, 2 hits, 0 errors, 0 left on base; Nashville 6 - Durham 2 |
TOP OF THE 7TH |
Nashville Sounds batting - Pitching for Durham Bulls : RHP David Breaux
|
Pitching: RHP Tyler Lybrand
|
|
Batting: RHB Colin Boddy
|
0-0: Called Strike 0-1: Called Strike 0-2: Strikes out looking
|
Batting: RHB Daniel Barger
|
0-0: Called Strike 0-1: Foul Ball, location: 2F 0-2: Ground out 4-3 (Groundball, 4M, EV 107.5 MPH)
|
Batting: RHB Jeff Garofalo
|
0-0: Called Strike 0-1: Ball 1-1: Foul Ball, location: 2F 1-2: Ball 2-2: Ball 3-2: Foul Ball, location: 2F 3-2: SINGLE (Groundball, 56, EV 106.2 MPH) (infield hit)
|
Batting: LHB Paul Perry
|
0-0: Foul Ball, location: 2F 0-1: SINGLE (Groundball, 3D, EV 105.6 MPH) Jeff Garofalo to second Runner from 2nd tries for 3rd, SAFE, no throw by RF
|
Batting: LHB Isto Mäyrä
|
0-0: Ball 1-0: Foul Ball, location: 2F 1-1: Fly out, F7 (Flyball, 78D, EV 87.5 MPH)
|
Top of the 7th over - 0 runs, 2 hits, 0 errors, 2 left on base; Nashville 6 - Durham 2 |
BOTTOM OF THE 7TH |
Durham Bulls batting - Pitching for Nashville Sounds : RHP Gary Caldwell
|
Batting: LHB David Seminario
|
0-0: Called Strike 0-1: Foul Ball, location: 2F 0-2: Foul Ball, location: 2F 0-2: Hit by Pitch
|
Batting: LHB Danny Hull
|
0-0: Ball 1-0: Sac Bunt to 2L - play at first, batter OUT! 2-4 David Seminario to second
|
Batting: LHB Angel Ruvalcaba
|
0-0: Called Strike 0-1: Ball 1-1: Ball 2-1: Fly out, F4 (Line Drive, 4, EV 68.8 MPH)
|
Batting: RHB Sczlopy Hed
|
0-0: Called Strike 0-1: Swinging Strike 0-2: Ball 1-2: Ball 2-2: Foul Ball, location: 2F 2-2: Foul Ball, location: 2F 2-2: Ball 3-2: SINGLE (Line Drive, 4D, EV 95.6 MPH) David Seminario to third Runner from 3rd tries for Home, SAFE, throw by RF to home
|
Batting: RHB Jesse Haddad
|
0-0: Ball 1-0: Ball 2-0: Called Strike 2-1: Foul Ball, location: 2F 2-2: Ball 3-2: SINGLE (Groundball, 34, EV 98.1 MPH) Sczlopy Hed to second Sczlopy Hed to third
|
Pitching: RHP Josh Hebert
|
|
Batting: RHB Danny Diaz
|
0-0: Ball 1-0: Called Strike Jesse Haddad steals 2nd base 1-1: Ground out 5-3 (Groundball, 56S, EV 79.4 MPH)
|
Bottom of the 7th over - 1 run, 2 hits, 0 errors, 2 left on base; Nashville 6 - Durham 3 |
TOP OF THE 8TH |
Nashville Sounds batting - Pitching for Durham Bulls : RHP Tyler Lybrand
|
Batting: RHB Alan Oxenrider
|
0-0: Ball 1-0: Fly out, F8 (Line Drive, 8RD, EV 93.1 MPH)
|
Batting: LHB Mike Garland
|
0-0: Called Strike 0-1: Called Strike 0-2: Strikes out swinging
|
Batting: RHB Chris Stillions
|
0-0: SINGLE (Line Drive, 34D, EV 98.8 MPH)
|
Batting: RHB Mike Cervino
|
0-0: Ball 1-0: Foul Ball, location: 2F 1-1: Ball 2-1: Ground out 4-3 (Groundball, 34, EV 81.9 MPH)
|
Top of the 8th over - 0 runs, 1 hit, 0 errors, 1 left on base; Nashville 6 - Durham 3 |
BOTTOM OF THE 8TH |
Durham Bulls batting - Pitching for Nashville Sounds : RHP Josh Hebert
|
Batting: RHB Jesse Basich
|
0-0: Ball 1-0: Ball 2-0: Swinging Strike 2-1: Ball 3-1: Ground out 6-3 (Groundball, 6, EV 81.2 MPH)
|
Batting: SHB Ben Pierce
|
0-0: Ball 1-0: Called Strike 1-1: Ball 2-1: Swinging Strike 2-2: Strikes out swinging
|
Batting: SHB Willie Koviak
|
0-0: Fly out, F7 (Flyball, 7LS, EV 82.5 MPH)
|
Bottom of the 8th over - 0 runs, 0 hits, 0 errors, 0 left on base; Nashville 6 - Durham 3 |
TOP OF THE 9TH |
Nashville Sounds batting - Pitching for Durham Bulls : RHP Tyler Lybrand
|
Pitching: RHP Don Henley
|
|
Batting: RHB Colin Boddy
|
0-0: Ground out 6-3 (Groundball, 6, EV 105.0 MPH)
|
Batting: RHB Daniel Barger
|
0-0: Foul Ball, location: 2F 0-1: DOUBLE (Flyball, 78D, EV 103.1 MPH)
|
Batting: RHB Jeff Garofalo
|
0-0: Ball 1-0: Swinging Strike 1-1: Called Strike 1-2: Strikes out swinging
|
Batting: LHB Paul Perry
|
0-0: Ball 1-0: Ball 2-0: Ball 3-0: Base on Balls
|
Batting: LHB Isto Mäyrä
|
0-0: Called Strike 0-1: Ball 1-1: Swinging Strike 1-2: Ball 2-2: Ball 3-2: Foul Ball, location: 2F 3-2: SINGLE (Flyball, 3D, EV 90.0 MPH) Daniel Barger to third Paul Perry to second Daniel Barger scores Paul Perry to third
|
Batting: RHB Alan Oxenrider
|
Pickoff Throw to First - Out! 1-3
|
Top of the 9th over - 1 run, 2 hits, 0 errors, 1 left on base; Nashville 7 - Durham 3 |
BOTTOM OF THE 9TH |
Durham Bulls batting - Pitching for Nashville Sounds : RHP Josh Hebert
|
Batting: LHB David Seminario
|
0-0: Called Strike 0-1: Ball 1-1: Ground out 6-3 (Groundball, 6, EV 107.5 MPH)
|
Batting: LHB Danny Hull
|
0-0: Ball 1-0: Ball 2-0: Called Strike 2-1: Ground out U3 (Groundball, 3, EV 107.5 MPH)
|
Batting: LHB Angel Ruvalcaba
|
0-0: Ball 1-0: Foul Ball, location: 2F 1-1: SINGLE (Groundball, 34D, EV 108.1 MPH)
|
Batting: RHB Sczlopy Hed
|
0-0: Called Strike 0-1: Foul Ball, location: 2F 0-2: Ball 1-2: Ball 2-2: Fly out, F9 (Flyball, 9D, EV 92.5 MPH)
|
Bottom of the 9th over - 0 runs, 1 hit, 0 errors, 1 left on base; Nashville 7 - Durham 3 |
|